 Dungeon Crawl Stone Soup version 0.29-a0-542-g075992c915 (webtiles) character file.

Game seed: 14360521426431968491

2792 Nedwor the Cleaver (level 9, -8/81 HPs)
             Began as a Minotaur Berserker on June 3, 2022.
             Was a Priest of Trog.
             Mangled by Joseph
             ... wielding a +0 quarterstaff
              (11 damage)
             ... on level 7 of the Dungeon.
             The game lasted 00:12:00 (7049 turns).

Nedwor the Cleaver (Minotaur Berserker)             Turns: 7049, Time: 00:12:01

Health: -8/81      AC: 12    Str: 25    XL:     9   Next: 43%
Magic:  0/8        EV: 11    Int:  4    God:    Trog [***...]
Gold:   418        SH:  0    Dex: 16    Spells: 8/8 levels left

rFire   . . .      SeeInvis .   a - +1 broad axe
rCold   . . .      Faith    .   (no shield)
rNeg    . . .      Spirit   +   v - +0 chain mail
rPois   .          Reflect  .   (helmet restricted)
rElec   .          Harm     .   n - +0 cloak
rCorr   .          Rampage  .   (no gloves)
Will    ++...                   (no boots)
Stlth   ..........              p - amulet of guardian spirit
HPRegen 1.23/turn               q - ring "Zepeblu" {Fly Dex+5}
MPRegen 0.11/turn               c - +4 ring of slaying

@: strong-willed, on berserk cooldown, flying, regenerating, slowed, studying
Axes, very slow
A: horns 2, retaliatory headbutt
a: Renounce Religion, Berserk, Trog's Hand


You were on level 7 of the Dungeon.
You worshipped Trog.
Trog was most pleased with you.
You visited 1 branch of the dungeon, and saw 7 of its levels.

You collected 418 gold pieces.

Inventory:

Hand Weapons
 a - a +1 broad axe (weapon)
Armour
 n - a +0 cloak (worn)
 v - a +0 chain mail (worn)
Jewellery
 c - a +4 ring of slaying (right hand)
 p - an amulet of guardian spirit (around neck)
 q - the ring "Zepeblu" (left hand) {Fly Dex+5}
   (You found it on level 3 of the Dungeon)

   [ring of flight]

   Dex:       It affects your dexterity (+5).
   Fly:       It grants you flight.
 r - an amulet of the acrobat
 t - a ring of flight
Wands
 x - a wand of paralysis (5)
 y - a wand of iceblast (12)
 z - a wand of flame (24)
Scrolls
 d - a scroll of fog
 e - a scroll of enchant weapon
 m - 6 scrolls of identify
 o - a scroll of fear
 w - a scroll of poison {unknown}
 B - a scroll of acquirement {unknown}
Potions
 b - 2 potions of flight
 f - 2 potions of curing
 g - a potion of invisibility {unknown}
 h - 5 potions of heal wounds
 i - 5 potions of degeneration
 j - a potion of resistance
 k - 4 potions of attraction
 l - a potion of haste {unknown}
 s - a potion of mutation {unknown}
 u - 3 potions of ambrosia {unknown}
 A - 2 potions of berserk rage {unknown}


   Skills:
 + Level 7.9 Fighting
 * Level 12.4 Axes
 + Level 7.3 Armour
 + Level 6.7 Dodging


You had 8 spell levels left.
You didn't know any spells.
Your spell library was empty.

Dungeon Overview and Level Annotations

Branches:
Dungeon (7/15)             Temple (0/1) D:6

Altars:
Fedhas
Wu Jian

Shops:
D:4 [   D:5 *   D:7 *

Annotations:
D:7 Joseph


Innate Abilities, Weirdness & Mutations

You have a pair of horns on your head.
You reflexively headbutt those who attack you in melee.


Message History

Your skin crawls.
You feel strong-willed.
Joseph shoots a sling bullet.
The sling bullet hits you!
A red film seems to cover your vision as you go berserk!
You feel yourself moving faster!
You feel mighty!
You can no longer call in reinforcements.
Joseph shoots a sling bullet.
The sling bullet closely misses you.
You feel a strong urge to attack something.
Joseph shoots a sling bullet.
The sling bullet hits you!
You feel your anger nearly subside.
Joseph unwields a +3 vorpal hunting sling.
Joseph wields a +0 quarterstaff.
Joseph hits you with a +0 quarterstaff!
You slash Joseph! Your headbutt misses Joseph.
Joseph is moderately wounded.
You slice Joseph!!
Joseph is heavily wounded.
You are no longer berserk.
You are exhausted.
You feel yourself slow down. Joseph closely misses you.
You furiously retaliate!
You headbutt Joseph. You barely miss Joseph.
Joseph is heavily wounded.
Joseph hits you with a +0 quarterstaff!
* * * LOW HITPOINT WARNING * * *
Joseph hits you with a +0 quarterstaff.
* * * LOW HITPOINT WARNING * * *
You closely miss Joseph.
Joseph is heavily wounded.
Joseph hits you with a +0 quarterstaff.
* * * LOW HITPOINT WARNING * * *
You slash Joseph!
Joseph is severely wounded.
Joseph hits you with a +0 quarterstaff!
* * * LOW HITPOINT WARNING * * *
Joseph hits you with a +0 quarterstaff!
* * * LOW HITPOINT WARNING * * *
You slash Joseph!
Joseph is almost dead.
Joseph hits you with a +0 quarterstaff!
You die...

###########.#.#
#.#
............#.#
#.#
####..........#
#.#
#.###########
#.# #.# .. #.#
#.# #### #. #.#
#.#
.....#.#####
#.# #.#
#.......###.#
#.#
#..@@.......#
####.#
#..####$#####
))...# #. #.#
.)#### # #.#
#........ #.#
...#####. #.#
#..# #.# ...#
#.# ..##


You could see Joseph.

Vanquished Creatures
  A steam dragon (D:6)
  2 water moccasins
  2 ice beasts
  An orc warrior (D:6)
  A black bear (D:4)
  An ogre (D:5)
  3 phantoms
  2 kobold brigands
  2 gnoll sergeants
  3 necrophages
  2 bullfrogs (D:6)
  3 scorpions
  4 wights (D:7)
  A howler monkey (D:7)
  An orc priest (D:7)
  4 hounds
  A gnoll shaman (D:7)
  7 iguanas
  2 orc wizards
  15 gnolls
  10 adders
  3 ufetubi
  A worm (D:5)
  A dart slug (D:1)
  9 orcs
  5 ball pythons
  8 bats
  9 endoplasms
  4 giant cockroaches
  6 hobgoblins
  5 jackals
  3 quokkas
  3 frilled lizards
  12 goblins
  17 kobolds
  7 rats
161 creatures vanquished.

Vanquished Creatures (others)
  A gnoll (D:6)
1 creature vanquished.

Grand Total: 162 creatures vanquished

Notes
Turn   | Place    | Note
-------+----------+-------------------------------------------
     0 | D:1      | Nedwor the Minotaur Berserker began the quest for the Orb.
     0 | D:1      | Reached XP level 1. HP: 19/19 MP: 0/0
   219 | D:1      | Reached XP level 2. HP: 27/27 MP: 1/1
   225 | D:1      | Reached skill level 4 in Axes
   701 | D:1      | Reached XP level 3. HP: 33/33 MP: 2/2
  1056 | D:2      | Reached ** piety under Trog
  1420 | D:2      | Found an ornate altar of the Wu Jian Council.
  2018 | D:3      | Identified the ring "Zepeblu" {Fly Dex+5}
  2088 | D:3      | Reached XP level 4. HP: 40/40 MP: 3/3
  2478 | D:3      | Reached skill level 5 in Axes
  2866 | D:4      | Noticed a phantom
  2867 | D:4      | Reached XP level 5. HP: 47/47 MP: 2/4
  2880 | D:4      | Killed a phantom
  3326 | D:4      | Reached XP level 6. HP: 51/55 MP: 3/5
  3447 | D:4      | Reached skill level 5 in Fighting
  3447 | D:4      | Reached skill level 6 in Axes
  3492 | D:4      | Reached *** piety under Trog
  3568 | D:4      | Found Gyorgh's Armour Emporium.
  3724 | D:4      | Found a blossoming altar of Fedhas.
  3729 | D:4      | Reached XP level 7. HP: 52/61 MP: 4/6
  4107 | D:5      | Entered Level 5 of the Dungeon
  4352 | D:5      | Reached skill level 7 in Axes
  4416 | D:5      | Reached skill level 5 in Armour
  4488 | D:5      | Reached skill level 5 in Dodging
  4524 | D:5      | Reached skill level 8 in Axes
  4524 | D:5      | Reached XP level 8. HP: 25/70 MP: 7/7
  4757 | D:5      | Found Gotebbui's Mass Market.
  5600 | D:6      | Reached skill level 9 in Axes
  5691 | D:6      | Reached skill level 10 in Axes
  6033 | D:6      | Reached XP level 9. HP: 79/79 MP: 5/8
  6034 | D:6      | Reached skill level 11 in Axes
  6163 | D:6      | Reached **** piety under Trog
  6418 | D:6      | Found a staircase to the Ecumenical Temple.
  6877 | D:7      | Found Zyrowk's Overcharged Wands.
  6881 | D:7      | Reached skill level 12 in Axes
  7033 | D:7      | Noticed Joseph
  7048 | D:7      | HP: 1/81 [Joseph/+0 quarterstaff (9)]
  7049 | D:7      | Mangled by Joseph

Illustrated notes

Levels and vault maps discovered:
D:1:      dpeg_arrival_arbitrary_c, layout_basic
D:2:      minmay_wonky_spiral, layout_basic, basic_altar, serial_park_tiny_2
D:3:      layout_basic, minmay_misc_feat_x
D:4:      wad_river_or_something, layout_loops_ring, fedhas_altar_fruit_tree,
          serial_shops, shop
D:5:      minmay_angry_zag, layout_basic, minmay_shop_mass, minmay_manual_moon
D:6:      layout_rooms, temple_green, minmay_fractal_squares_5
D:7:      layout_basic, nicolae_shop_overcharged_wands, uniq_joseph

Skill      XL: |  1  2  3  4  5  6  7  8  9 |
---------------+----------------------------+-----
Axes           | 4 5 6 8 10 12 | 12.4
Fighting       | 4 5 6 7 |  7.9
Armour         | 3 4 5 6 7 |  7.3
Dodging        | 3 4 5 6 |  6.7

Action                   |  1- 3 |  4- 6 |  7- 9 || total
-------------------------+-------+-------+-------++-------
Melee: Hand axe          |    90 |    25 |       ||   115
       Headbutt          |    11 |    10 |    22 ||    43
       Punch             |     1 |     2 |     2 ||     5
       War axe           |       |    12 |       ||    12
       Broad axe         |       |    28 |   175 ||   203
Invok: Berserk           |       |     2 |     8 ||    10
       Trog's Hand       |       |       |     3 ||     3
  Use: Scroll            |       |       |    16 ||    16
Armor: Animal skin       |    18 |    11 |       ||    29
       Chain mail        |       |     8 |   102 ||   110
Dodge: Dodged            |    51 |    45 |    95 ||   191

Table legend: (Time is in decaauts)
 A = Elapsed time spent in this place.
 B = Non-inter-level travel time spent in this place.
 C = Inter-level travel time spent in this place.
 D = Time resting spent in this place.
 E = Time spent auto-exploring this place.
 F = Levels seen in this place.
 G = Mean time per level.
                   A        B        C        D        E       F      G
               +--------+--------+--------+--------+--------+-----+--------+
         Total |   7179 |   7021 |    158 |   1560 |   4479 |   7 | 1025.6 |
       Dungeon |   7179 |   7021 |    158 |   1560 |   4479 |   7 | 1025.6 |
               +--------+--------+--------+--------+--------+-----+--------+

Top non-repeatable levels by time:
     D:5: 1493 daAuts
     D:4: 1274 daAuts
     D:3: 1141 daAuts
     D:6: 1037 daAuts
     D:1: 1014 daAuts
     D:2: 711 daAuts
     D:7: 506 daAuts
